Boston Bruins vs St.Louis Blues
Created - Saturday, May 20, 2023 at 07:26
Goals
|
| Boston Bruins |
0 |
1 |
0 |
1 |
| St.Louis Blues |
4 |
1 |
0 |
5 |
|
Shots
|
| Boston Bruins |
4 |
10 |
8 |
22 |
| St.Louis Blues |
22 |
4 |
8 |
34 |
|
1st period
1. St.Louis Blues , Tage Thompson 13 (Robert Thomas 31) at 2:46
2. St.Louis Blues , Jake Guentzel 23 (Colton Parayko 11, Alex DeBrincat 25) at 9:04
3. St.Louis Blues , Elias Pettersson 29 (Robert Thomas 32) at 9:30 (PP)
4. St.Louis Blues , Alex Tuch 13 (Robert Thomas 33, Adam Pelech 4) at 18:13
Penalties :
Charlie McAvoy (BOS) for Holding (Minor) at 9:28
2nd period
5. St.Louis Blues , Alex DeBrincat 28 (Elias Pettersson 40) at 9:09
6. Boston Bruins , Vincent Trocheck 26 (Pavel Zacha 20, David Rittich) at 12:57 (PP)
Penalties :
Joel Farabee (BOS) for High sticking (Minor) at 1:13, Robert Thomas (STL) for Hooking (Minor) at 11:01, Morgan Rielly (STL) for Roughing (Minor) at 15:01
3rd period
No Goal
Penalties :
No Penalty
Goalie Stats
David Rittich (BOS), 29 saves from 34 shots - (0.853), L, 11-21-5, 60:00 minutes
Frederik Andersen (STL), 21 saves from 22 shots - (0.955), W, 20-14-1, 60:00 minutes
Players Stats for Boston Bruins
Player Name G A P +/- PIM S H SB GA TA FO MP PP MP PK MP
------------------------------------------------------------------------------------
Anthony Beauvillier 0 0 0 -1 0 1 1 0 0 1 0/1 16:14 0:00 0:53
Brandon Hagel 0 0 0 -2 0 0 1 0 1 0 0/1 15:25 0:00 0:00
Brock McGinn 0 0 0 0 0 1 3 1 0 0 0/0 13:01 0:00 0:00
Charlie McAvoy 0 0 0 -1 2 1 3 1 0 0 0/0 22:46 2:06 0:58
Danton Heinen 0 0 0 -1 0 0 1 1 0 0 0/0 10:06 0:00 0:00
Joel Farabee 0 0 0 -1 2 5 0 0 4 0 0/1 17:15 1:48 0:00
Joonas Donskoi 0 0 0 0 0 1 0 2 0 0 1/1 14:49 1:48 0:00
Mason Appleton 0 0 0 -1 0 0 1 0 0 0 0/0 10:06 0:00 0:00
Matt Grzelcyk 0 0 0 -2 0 1 0 0 0 1 0/0 15:52 0:00 0:00
Morgan Geekie 0 0 0 -1 0 1 0 0 0 0 0/2 10:06 0:00 0:00
Pavel Zacha 0 1 1 -1 0 3 0 1 0 0 7/20 18:23 2:07 0:51
Phil Kessel 0 0 0 -2 0 1 0 0 0 0 0/1 18:30 2:07 0:47
Ryan Donato 0 0 0 0 0 3 2 0 0 1 3/7 16:02 1:48 0:44
Samuel Girard 0 0 0 -1 0 0 0 0 0 0 0/0 22:20 2:06 1:00
Sean Durzi 0 0 0 -1 0 1 2 1 0 1 0/0 21:19 1:49 1:01
Tyson Barrie 0 0 0 -1 0 1 1 1 1 0 0/0 21:19 1:49 1:01
Victor Mete 0 0 0 -2 0 1 0 0 0 1 0/0 15:54 0:00 0:02
Vincent Trocheck 1 0 1 -2 0 1 2 1 0 0 8/16 18:30 2:07 0:47
Players Stats for St.Louis Blues
Player Name G A P +/- PIM S H SB GA TA FO MP PP MP PK MP
------------------------------------------------------------------------------------
Adam Pelech 0 1 1 2 0 0 1 1 0 0 0/0 15:30 0:00 2:04
Alex DeBrincat 1 1 2 2 0 5 1 1 0 1 0/2 19:34 1:00 0:06
Alex Pietrangelo 0 0 0 1 0 2 3 2 0 0 0/0 23:05 1:01 0:00
Alex Tuch 1 0 1 2 0 2 1 0 1 2 0/0 16:41 0:53 0:00
Andrew Copp 0 0 0 0 0 0 0 0 0 0 0/2 13:09 0:00 2:05
Colton Parayko 0 1 1 1 0 1 0 3 0 2 0/0 24:30 0:00 1:51
Danny DeKeyser 0 0 0 2 0 2 0 0 0 1 0/0 16:19 0:00 1:51
Elias Pettersson 1 1 2 2 0 3 1 0 0 0 15/23 20:34 1:08 1:03
Evander Kane 0 0 0 0 0 1 2 0 0 0 0/0 12:12 1:01 0:00
Frederick Gaudreau 0 0 0 0 0 3 0 0 0 0 1/2 9:47 0:00 0:54
Jack Eichel 0 0 0 0 0 1 1 0 0 0 6/7 12:03 0:53 0:00
Jake Guentzel 1 0 1 2 0 4 3 0 0 0 0/1 19:27 1:08 0:00
Jimmy Vesey 0 0 0 0 0 0 0 0 0 0 0/0 10:28 0:00 1:53
Jonas Brodin 0 0 0 1 0 0 1 1 0 0 0/0 19:36 0:00 2:04
Morgan Rielly 0 0 0 1 2 3 2 3 1 0 0/0 18:56 1:00 0:00
Robert Thomas 0 3 3 2 2 2 0 2 1 0 8/12 16:49 1:08 0:00
Tage Thompson 1 0 1 2 0 1 3 0 2 0 1/1 17:36 0:53 0:55
Yanni Gourde 0 0 0 0 0 4 1 0 0 0 0/0 9:47 0:00 0:54
3 Stars
1 - Alex DeBrincat (STL)
2 - Elias Pettersson (STL)
3 - Tage Thompson (STL)
Power Play
Boston Bruins - 1 on 2 Attempt(s) - 50.00%
St.Louis Blues - 1 on 2 Attempt(s) - 50.00%
Penalty Kill
Boston Bruins - 1 on 2 Attempt(s) - 50.00%
- Score 0 goal in Penalty Kill
St.Louis Blues - 1 on 2 Attempt(s) - 50.00%
- Score 0 goal in Penalty Kill
Team Stat
Boston Bruins - Hits : 17 - Faceoff Wins : 19 - Blocked Shots : 9 - Penalty Minutes : 4
St.Louis Blues - Hits : 20 - Faceoff Wins : 31 - Blocked Shots : 13 - Penalty Minutes : 4
Official
Referees : Dave Lewis and Trevor Hanson
Linesman : David Brisebois and Shandor Alphonso
Game Notes
No Game Note
Finance
Level 1 -- Attendance: 5742 (95.70%) -- Ticket Income $556,974
Level 2 -- Attendance: 4214 (84.28%) -- Ticket Income $240,198
Level 3 -- Attendance: 2732 (91.07%) -- Ticket Income $92,888
Level 4 -- Attendance: 4873 (97.46%) -- Ticket Income $112,079
Luxury Box -- Attendance: 1000 (100.00%) -- Ticket Income $194,000
Game was played at the Scottrade Center.
Total Attendance: 18561 (92.81%)
Total Ticket Income: $1,196,139
Other Income: $418,649
Total Income: $1,614,788
Boston Bruins
5 vs 5 Forward
Center Left Wing Right Wing Time % Phy DF OF
1 Vincent Trocheck Phil Kessel Brandon Hagel 30 1 2 2
2 Pavel Zacha Joel Farabee Anthony Beauvillier 30 1 2 2
3 Ryan Donato Joonas Donskoi Brock McGinn 25 1 2 2
4 Morgan Geekie Danton Heinen Mason Appleton 15 1 2 2
5 vs 5 Defense
Defense Defense Time % Phy DF OF
1 Charlie McAvoy Samuel Girard 35 1 2 2
2 Tyson Barrie Sean Durzi 35 1 2 2
3 Matt Grzelcyk Victor Mete 30 1 2 2
4 Charlie McAvoy Samuel Girard 0 1 2 2
PowerPlay Forward
Center Left Wing Right Wing Time % Phy DF OF
1 Vincent Trocheck Pavel Zacha Phil Kessel 50 1 2 2
2 Ryan Donato Joel Farabee Joonas Donskoi 50 1 2 2
PowerPlay Defense
Defense Defense Time % Phy DF OF
1 Charlie McAvoy Samuel Girard 50 1 2 2
2 Tyson Barrie Sean Durzi 50 1 2 2
Penalty Kill 4 Players Forward
Center Wing Time % Phy DF OF
1 Vincent Trocheck Phil Kessel 50 1 2 2
2 Pavel Zacha Joel Farabee 50 1 2 2
Penalty Kill 4 Players Defense
Defense Defense Time % Phy DF OF
1 Charlie McAvoy Samuel Girard 50 1 2 2
2 Tyson Barrie Sean Durzi 50 1 2 2
Penalty Kill - 3 Players Forward
Forward Time % Phy DF OF
1 Vincent Trocheck 50 1 2 2
2 Phil Kessel 50 1 2 2
Penalty Kill - 3 Players Defense
Defense Defense Time % Phy DF OF
1 Charlie McAvoy Samuel Girard 50 1 2 2
2 Tyson Barrie Sean Durzi 50 1 2 2
4 vs 4 Forward
Center Wing Time % Phy DF OF
1 Vincent Trocheck Phil Kessel 50 1 2 2
2 Pavel Zacha Joel Farabee 50 1 2 2
4 vs 4 Defense
Defense Defense Time % Phy DF OF
1 Charlie McAvoy Samuel Girard 50 1 2 2
2 Tyson Barrie Sean Durzi 50 1 2 2
Last Minutes Offensive
Center Left Wing Right Wing Defense Defense
Vincent Trocheck Pavel Zacha Phil Kessel Charlie McAvoy Samuel Girard
Last Minutes Defensive
Center Left Wing Right Wing Defense Defense
Vincent Trocheck Pavel Zacha Phil Kessel Charlie McAvoy Samuel Girard
Goaltenders
Starting : David Rittich
Backup : Olivier Rodrigue
Extra Forwards
Normal : Mason Appleton, Brandon Hagel, Anthony Beauvillier - PP : Mason Appleton, Brandon Hagel - PK : Anthony Beauvillier
Extra Defensemen
Normal : Matt Grzelcyk, Victor Mete, Tyson Barrie - PP : Matt Grzelcyk - PK : Victor Mete, Tyson Barrie
Penalty Shots
Vincent Trocheck, Phil Kessel, Pavel Zacha, Joel Farabee, Brandon Hagel
St.Louis Blues
5 vs 5 Forward
Center Left Wing Right Wing Time % Phy DF OF
1 Elias Pettersson Alex DeBrincat Jake Guentzel 40 0 2 3
2 Robert Thomas Alex Tuch Tage Thompson 30 0 2 3
3 Jack Eichel Evander Kane Andrew Copp 20 1 2 2
4 Frederick Gaudreau Yanni Gourde Jimmy Vesey 10 1 3 1
5 vs 5 Defense
Defense Defense Time % Phy DF OF
1 Alex Pietrangelo Colton Parayko 40 1 2 2
2 Morgan Rielly Jonas Brodin 30 1 2 2
3 Danny DeKeyser Adam Pelech 20 1 2 2
4 Alex Pietrangelo Colton Parayko 10 1 2 2
PowerPlay Forward
Center Left Wing Right Wing Time % Phy DF OF
1 Robert Thomas Elias Pettersson Jake Guentzel 60 1 0 4
2 Jack Eichel Alex Tuch Tage Thompson 40 1 0 4
PowerPlay Defense
Defense Defense Time % Phy DF OF
1 Alex DeBrincat Morgan Rielly 60 0 1 4
2 Alex Pietrangelo Evander Kane 40 0 1 4
Penalty Kill 4 Players Forward
Center Wing Time % Phy DF OF
1 Andrew Copp Jimmy Vesey 60 0 5 0
2 Frederick Gaudreau Yanni Gourde 40 0 5 0
Penalty Kill 4 Players Defense
Defense Defense Time % Phy DF OF
1 Adam Pelech Jonas Brodin 60 1 4 0
2 Danny DeKeyser Colton Parayko 40 1 4 0
Penalty Kill - 3 Players Forward
Forward Time % Phy DF OF
1 Andrew Copp 60 0 5 0
2 Yanni Gourde 40 0 5 0
Penalty Kill - 3 Players Defense
Defense Defense Time % Phy DF OF
1 Adam Pelech Jonas Brodin 60 0 5 0
2 Danny DeKeyser Colton Parayko 40 0 5 0
4 vs 4 Forward
Center Wing Time % Phy DF OF
1 Elias Pettersson Jake Guentzel 60 0 2 3
2 Robert Thomas Alex Tuch 40 0 2 3
4 vs 4 Defense
Defense Defense Time % Phy DF OF
1 Alex Pietrangelo Colton Parayko 60 0 3 2
2 Morgan Rielly Jonas Brodin 40 0 3 2
Last Minutes Offensive
Center Left Wing Right Wing Defense Defense
Robert Thomas Elias Pettersson Jake Guentzel Alex Tuch Morgan Rielly
Last Minutes Defensive
Center Left Wing Right Wing Defense Defense
Andrew Copp Yanni Gourde Jimmy Vesey Colton Parayko Alex Pietrangelo
Goaltenders
Starting : Frederik Andersen
Backup : Connor Hellebuyck
Extra Forwards
Normal : Tage Thompson, Evander Kane, Frederick Gaudreau - PP : Alex DeBrincat, Jack Eichel - PK : Tage Thompson
Extra Defensemen
Normal : Morgan Rielly, Colton Parayko, Adam Pelech - PP : Colton Parayko - PK : Colton Parayko, Alex Pietrangelo
Penalty Shots
Tage Thompson, Alex DeBrincat, Elias Pettersson, Alex Tuch, Andrew Copp
% Time on Ice - Boston Bruins
Lines # - Real PCT - Wanted PCT - Time Play
Normal Forward
1 - 29% - 30% - 15:36
2 - 28% - 30% - 15:21
3 - 24% - 25% - 13:01
4 - 19% - 15% - 10:06
Normal Defense
1 - 36% - 35% - 19:43
2 - 34% - 35% - 18:29
3 - 29% - 30% - 15:52
4 - 0% - 0% - 0:00
PP Forward
1 - 54% - 50% - 2:07
2 - 46% - 50% - 1:48
PP Defense
1 - 54% - 50% - 2:06
2 - 46% - 50% - 1:49
PK Forward
1 - 39% - 50% - 0:47
2 - 61% - 50% - 1:14
PK Defense
1 - 50% - 50% - 1:00
2 - 50% - 50% - 1:01
PK3 Forward
1 - 0% - 50%
2 - 0% - 50%
PK3 Defense
1 - 0% - 50%
2 - 0% - 50%
44 Forward
1 - 0% - 50%
2 - 0% - 50%
44 Defense
1 - 0% - 50%
2 - 0% - 50%
Last Minute Offensive - 0:00
Last Minute Defensive - 0:00
Total
Forward - 60:00
Defense - 60:00
|
% Time on Ice - St.Louis Blues
Lines # - Real PCT - Wanted PCT - Time Play
Normal Forward
1 - 34% - 40% - 18:19
2 - 30% - 30% - 16:13
3 - 20% - 20% - 11:04
4 - 16% - 10% - 8:28
Normal Defense
1 - 36% - 40% - 19:35
2 - 35% - 30% - 19:01
3 - 25% - 20% - 13:26
4 - 4% - 10% - 2:02
PP Forward
1 - 56% - 60% - 1:08
2 - 44% - 40% - 0:53
PP Defense
1 - 50% - 60% - 1:00
2 - 50% - 40% - 1:01
PK Forward
1 - 77% - 60% - 3:01
2 - 23% - 40% - 0:54
PK Defense
1 - 53% - 60% - 2:04
2 - 47% - 40% - 1:51
PK3 Forward
1 - 0% - 60%
2 - 0% - 40%
PK3 Defense
1 - 0% - 60%
2 - 0% - 40%
44 Forward
1 - 0% - 60%
2 - 0% - 40%
44 Defense
1 - 0% - 60%
2 - 0% - 40%
Last Minute Offensive - 0:00
Last Minute Defensive - 0:00
Total
Forward - 60:00
Defense - 60:00
|
Play-by-Play
1st period
0:01 of 1st period - Elias Pettersson wins face-off versus Vincent Trocheck in neutral zone.
1:02 of 1st period - Colton Parayko is hit by Brock McGinn and loses puck.
2:15 of 1st period - Victor Mete is hit by Tage Thompson and loses puck.
2:46 of 1st period - Snap shot by Tage Thompson.
2:46 of 1st period - Goal by Tage Thompson - Boston Bruins : 0 - St.Louis Blues : 1.
2:47 of 1st period - Ryan Donato wins face-off versus Elias Pettersson in neutral zone.
3:26 of 1st period - Snap shot by Jack Eichel.
3:26 of 1st period - Stopped by David Rittich with a rebound.
3:36 of 1st period - Samuel Girard is hit by Yanni Gourde and loses puck.
6:04 of 1st period - Brandon Hagel is hit by Alex Pietrangelo and loses puck.
6:11 of 1st period - Colton Parayko is hit by Charlie McAvoy and loses puck.
6:31 of 1st period - Frederick Gaudreau is hit by Danton Heinen and loses puck.
6:44 of 1st period - Tyson Barrie is hit by Adam Pelech and loses puck.
7:05 of 1st period - Snap shot by Elias Pettersson.
7:05 of 1st period - Stopped by David Rittich with a rebound.
7:32 of 1st period - Off-side.
7:33 of 1st period - Robert Thomas wins face-off versus Phil Kessel in neutral zone.
7:58 of 1st period - Victor Mete is hit by Jake Guentzel and loses puck.
8:05 of 1st period - Wrist shot by Elias Pettersson.
8:05 of 1st period - Deflect By Alex DeBrincat.
8:05 of 1st period - Stopped by David Rittich with a rebound.
8:07 of 1st period - Slapshot by Alex DeBrincat.
8:07 of 1st period - Stopped by David Rittich with a rebound.
8:09 of 1st period - Backhand shot by Morgan Rielly.
8:09 of 1st period - Stopped by David Rittich with a rebound.
8:11 of 1st period - Backhand shot by Jonas Brodin.
8:11 of 1st period - Shot Misses the Net.
8:27 of 1st period - Slapshot by Brock McGinn.
8:27 of 1st period - Stopped by Frederik Andersen without a rebound.
8:28 of 1st period - Joonas Donskoi wins face-off versus Elias Pettersson in St.Louis Blues zone.
8:31 of 1st period - Slapshot by Tyson Barrie.
8:31 of 1st period - Shot Blocked by Alex Pietrangelo.
8:34 of 1st period - Icing by Alex Pietrangelo.
8:35 of 1st period - Vincent Trocheck wins face-off versus Elias Pettersson in St.Louis Blues zone.
9:00 of 1st period - Slapshot by Jake Guentzel.
9:00 of 1st period - Stopped by David Rittich with a rebound.
9:02 of 1st period - Slapshot by Colton Parayko.
9:02 of 1st period - Stopped by David Rittich with a rebound.
9:04 of 1st period - Slapshot by Jake Guentzel.
9:04 of 1st period - Goal by Jake Guentzel - Boston Bruins : 0 - St.Louis Blues : 2.
9:05 of 1st period - Elias Pettersson wins face-off versus Ryan Donato in neutral zone.
9:10 of 1st period - Snap shot by Elias Pettersson.
9:10 of 1st period - Stopped by David Rittich with a rebound.
9:28 of 1st period - Minor Penalty to Charlie McAvoy for Holding.
9:29 of 1st period - Robert Thomas wins face-off versus Vincent Trocheck in Boston Bruins zone.
9:30 of 1st period - Slapshot by Elias Pettersson.
9:30 of 1st period - Goal by Elias Pettersson - Boston Bruins : 0 - St.Louis Blues : 3.
9:31 of 1st period - Elias Pettersson wins face-off versus Joel Farabee in neutral zone.
9:36 of 1st period - Snap shot by Elias Pettersson.
9:36 of 1st period - Shot Misses the Net.
9:38 of 1st period - Slapshot by Alex Pietrangelo.
9:38 of 1st period - Stopped by David Rittich without a rebound.
9:39 of 1st period - Elias Pettersson wins face-off versus Pavel Zacha in Boston Bruins zone.
9:40 of 1st period - Snap shot by Alex DeBrincat.
9:40 of 1st period - Stopped by David Rittich without a rebound.
9:41 of 1st period - Elias Pettersson wins face-off versus Pavel Zacha in Boston Bruins zone.
9:42 of 1st period - Wrist shot by Alex DeBrincat.
9:42 of 1st period - Stopped by David Rittich with a rebound.
9:48 of 1st period - Wrist shot by Jake Guentzel.
9:48 of 1st period - Shot Misses the Net.
9:50 of 1st period - Slapshot by Alex Pietrangelo.
9:50 of 1st period - Stopped by David Rittich with a rebound.
10:07 of 1st period - Slapshot by Jake Guentzel.
10:07 of 1st period - Stopped by David Rittich without a rebound.
10:08 of 1st period - Robert Thomas wins face-off versus Vincent Trocheck in Boston Bruins zone.
10:33 of 1st period - Mason Appleton is hit by Morgan Rielly.
11:01 of 1st period - Alex Pietrangelo is hit by Anthony Beauvillier and loses puck.
12:24 of 1st period - Snap shot by Danton Heinen.
12:24 of 1st period - Shot Misses the Net.
12:34 of 1st period - Slapshot by Joel Farabee.
12:34 of 1st period - Stopped by Frederik Andersen without a rebound.
12:35 of 1st period - Robert Thomas wins face-off versus Vincent Trocheck in St.Louis Blues zone.
12:44 of 1st period - Snap shot by Alex Tuch.
12:44 of 1st period - Shot Blocked by Vincent Trocheck.
13:06 of 1st period - Snap shot by Tyson Barrie.
13:06 of 1st period - Deflect By Ryan Donato.
13:06 of 1st period - Shot Blocked by Alex Pietrangelo.
13:06 of 1st period - Puck is out of play.
13:07 of 1st period - Ryan Donato wins face-off versus Elias Pettersson in St.Louis Blues zone.
13:22 of 1st period - Snap shot by Jake Guentzel.
13:22 of 1st period - Stopped by David Rittich with a rebound.
13:38 of 1st period - Snap shot by Elias Pettersson.
13:38 of 1st period - Shot Blocked by Joonas Donskoi.
13:40 of 1st period - Snap shot by Alex DeBrincat.
13:40 of 1st period - Shot Blocked by Joonas Donskoi.
13:48 of 1st period - Snap shot by Elias Pettersson.
13:48 of 1st period - Shot Misses the Net.
13:50 of 1st period - Slapshot by Colton Parayko.
13:50 of 1st period - Shot Blocked by Charlie McAvoy.
14:28 of 1st period - Snap shot by Ryan Donato.
14:28 of 1st period - Shot Blocked by Alex DeBrincat.
14:30 of 1st period - Wrist shot by Brock McGinn.
14:30 of 1st period - Shot Misses the Net.
14:50 of 1st period - Wrist shot by Brock McGinn.
14:50 of 1st period - Shot Misses the Net.
14:52 of 1st period - Backhand shot by Ryan Donato.
14:52 of 1st period - Stopped by Frederik Andersen with a rebound.
14:54 of 1st period - Wrist shot by Ryan Donato.
14:54 of 1st period - Stopped by Frederik Andersen without a rebound.
14:55 of 1st period - Robert Thomas wins face-off versus Pavel Zacha in St.Louis Blues zone.
16:02 of 1st period - Snap shot by Robert Thomas.
16:02 of 1st period - Stopped by David Rittich without a rebound.
16:03 of 1st period - Robert Thomas wins face-off versus Morgan Geekie in Boston Bruins zone.
16:14 of 1st period - Wrist shot by Alex Tuch.
16:14 of 1st period - Shot Misses the Net.
16:16 of 1st period - Snap shot by Danny DeKeyser.
16:16 of 1st period - Stopped by David Rittich with a rebound.
16:18 of 1st period - Wrist shot by Tage Thompson.
16:18 of 1st period - Shot Blocked by Danton Heinen.
16:22 of 1st period - Wrist shot by Robert Thomas.
16:22 of 1st period - Shot Misses the Net.
16:24 of 1st period - Backhand shot by Danny DeKeyser.
16:24 of 1st period - Stopped by David Rittich with a rebound.
16:42 of 1st period - Snap shot by Alex Tuch.
16:42 of 1st period - Shot Misses the Net.
16:50 of 1st period - Slapshot by Robert Thomas.
16:50 of 1st period - Shot Misses the Net.
17:51 of 1st period - Snap shot by Morgan Geekie.
17:51 of 1st period - Shot Misses the Net.
18:13 of 1st period - Slapshot by Alex Tuch.
18:13 of 1st period - Goal by Alex Tuch - Boston Bruins : 0 - St.Louis Blues : 4.
18:14 of 1st period - Jack Eichel wins face-off versus Anthony Beauvillier in neutral zone.
18:39 of 1st period - Vincent Trocheck is hit by Jake Guentzel and loses puck.
19:01 of 1st period - Off-side.
19:02 of 1st period - Frederick Gaudreau wins face-off versus Ryan Donato in neutral zone.
19:13 of 1st period - Slapshot by Yanni Gourde.
19:13 of 1st period - Deflect By Joonas Donskoi.
19:13 of 1st period - Stopped by David Rittich with a rebound.
Goals for this period are 0 for Boston Bruins vs 4 for St.Louis Blues.
Shots for this period are 4 for Boston Bruins vs 22 for St.Louis Blues.
2nd period
0:01 of 2nd period - Elias Pettersson wins face-off versus Pavel Zacha in neutral zone.
0:10 of 2nd period - Elias Pettersson is hit by Charlie McAvoy and loses puck.
0:27 of 2nd period - Jack Eichel is hit by Vincent Trocheck and loses puck.
0:36 of 2nd period - Icing by Brandon Hagel.
0:37 of 2nd period - Vincent Trocheck wins face-off versus Elias Pettersson in Boston Bruins zone.
1:04 of 2nd period - Snap shot by Joel Farabee.
1:04 of 2nd period - Stopped by Frederik Andersen without a rebound.
1:05 of 2nd period - Jack Eichel wins face-off versus Pavel Zacha in St.Louis Blues zone.
1:13 of 2nd period - Minor Penalty to Joel Farabee for High sticking.
1:14 of 2nd period - Pavel Zacha wins face-off versus Robert Thomas in Boston Bruins zone.
2:49 of 2nd period - Alex Tuch is hit by Tyson Barrie.
3:13 of 2nd period - Penalty to Joel Farabee is over, Joel Farabee is back on ice.
3:25 of 2nd period - Jimmy Vesey is hit by Sean Durzi and loses puck.
3:34 of 2nd period - Slapshot by Alex Pietrangelo.
3:34 of 2nd period - Shot Misses the Net.
3:48 of 2nd period - Slapshot by Ryan Donato.
3:48 of 2nd period - Shot Misses the Net.
6:10 of 2nd period - Snap shot by Pavel Zacha.
6:10 of 2nd period - Shot Blocked by Morgan Rielly.
6:39 of 2nd period - Icing by Morgan Geekie.
6:40 of 2nd period - Robert Thomas wins face-off versus Morgan Geekie in Boston Bruins zone.
6:45 of 2nd period - Wrist shot by Alex Tuch.
6:45 of 2nd period - Shot Misses the Net.
7:07 of 2nd period - Off-side.
7:08 of 2nd period - Pavel Zacha wins face-off versus Jack Eichel in neutral zone.
8:26 of 2nd period - Anthony Beauvillier is hit by Morgan Rielly and loses puck.
8:41 of 2nd period - Evander Kane is hit by Mason Appleton and loses puck.
9:03 of 2nd period - Off-side.
9:04 of 2nd period - Elias Pettersson wins face-off versus Vincent Trocheck in neutral zone.
9:09 of 2nd period - Wrist shot by Alex DeBrincat.
9:09 of 2nd period - Goal by Alex DeBrincat - Boston Bruins : 0 - St.Louis Blues : 5.
9:10 of 2nd period - Pavel Zacha wins face-off versus Elias Pettersson in neutral zone.
9:13 of 2nd period - Slapshot by Joel Farabee.
9:13 of 2nd period - Shot Blocked by Colton Parayko.
9:15 of 2nd period - Backhand shot by Pavel Zacha.
9:15 of 2nd period - Shot Misses the Net.
9:17 of 2nd period - Snap shot by Pavel Zacha.
9:17 of 2nd period - Stopped by Frederik Andersen without a rebound.
9:18 of 2nd period - Pavel Zacha wins face-off versus Elias Pettersson in St.Louis Blues zone.
9:27 of 2nd period - Snap shot by Pavel Zacha.
9:27 of 2nd period - Stopped by Frederik Andersen with a rebound.
9:29 of 2nd period - Slapshot by Charlie McAvoy.
9:29 of 2nd period - Shot Misses the Net.
9:53 of 2nd period - Wrist shot by Alex Tuch.
9:53 of 2nd period - Stopped by David Rittich without a rebound.
9:54 of 2nd period - Jack Eichel wins face-off versus Pavel Zacha in Boston Bruins zone.
10:52 of 2nd period - Robert Thomas is hit by Brock McGinn and loses puck.
11:01 of 2nd period - Minor Penalty to Robert Thomas for Hooking.
11:02 of 2nd period - Vincent Trocheck wins face-off versus Andrew Copp in St.Louis Blues zone.
11:37 of 2nd period - Slapshot by Charlie McAvoy.
11:37 of 2nd period - Stopped by Frederik Andersen with a rebound.
11:39 of 2nd period - Snap shot by Ryan Donato.
11:39 of 2nd period - Deflect By Jonas Brodin.
11:39 of 2nd period - Stopped by Frederik Andersen with a rebound.
12:57 of 2nd period - Slapshot by Vincent Trocheck.
12:57 of 2nd period - Goal by Vincent Trocheck - Boston Bruins : 1 - St.Louis Blues : 5.
12:58 of 2nd period - Elias Pettersson wins face-off versus Ryan Donato in neutral zone.
13:25 of 2nd period - Mason Appleton is hit by Alex Tuch and loses puck.
13:34 of 2nd period - Slapshot by Tyson Barrie.
13:34 of 2nd period - Stopped by Frederik Andersen without a rebound.
13:35 of 2nd period - Jack Eichel wins face-off versus Pavel Zacha in St.Louis Blues zone.
14:06 of 2nd period - Snap shot by Tyson Barrie.
14:06 of 2nd period - Shot Blocked by Colton Parayko.
14:24 of 2nd period - Wrist shot by Evander Kane.
14:24 of 2nd period - Shot Blocked by Brock McGinn.
14:26 of 2nd period - Snap shot by Jack Eichel.
14:26 of 2nd period - Deflect By Evander Kane.
14:26 of 2nd period - Shot Blocked by Tyson Barrie.
14:26 of 2nd period - Puck is out of play.
14:27 of 2nd period - Pavel Zacha wins face-off versus Jake Guentzel in Boston Bruins zone.
14:27 of 2nd period - Pavel Zacha is hit by Alex DeBrincat.
14:35 of 2nd period - Snap shot by Pavel Zacha.
14:35 of 2nd period - Shot Misses the Net.
14:37 of 2nd period - Snap shot by Joel Farabee.
14:37 of 2nd period - Stopped by Frederik Andersen with a rebound.
14:39 of 2nd period - Backhand shot by Joel Farabee.
14:39 of 2nd period - Stopped by Frederik Andersen without a rebound.
14:40 of 2nd period - Vincent Trocheck wins face-off versus Alex DeBrincat in St.Louis Blues zone.
15:01 of 2nd period - Minor Penalty to Morgan Rielly for Roughing.
15:02 of 2nd period - Ryan Donato wins face-off versus Andrew Copp in St.Louis Blues zone.
15:35 of 2nd period - Slapshot by Tyson Barrie.
15:35 of 2nd period - Shot Blocked by Adam Pelech.
15:37 of 2nd period - Snap shot by Sean Durzi.
15:37 of 2nd period - Stopped by Frederik Andersen with a rebound.
15:39 of 2nd period - Backhand shot by Phil Kessel.
15:39 of 2nd period - Shot Hit the Post.
16:03 of 2nd period - Wrist shot by Yanni Gourde.
16:03 of 2nd period - Stopped by David Rittich with a rebound.
17:01 of 2nd period - Penalty to Morgan Rielly is over, Morgan Rielly is back on ice.
18:13 of 2nd period - Wrist shot by Evander Kane.
18:13 of 2nd period - Stopped by David Rittich without a rebound.
18:14 of 2nd period - Jack Eichel wins face-off versus Pavel Zacha in Boston Bruins zone.
18:41 of 2nd period - Robert Thomas is hit by Brandon Hagel and loses puck.
19:44 of 2nd period - Samuel Girard is hit by Evander Kane and loses puck.
Goals for this period are 1 for Boston Bruins vs 1 for St.Louis Blues.
Shots for this period are 10 for Boston Bruins vs 4 for St.Louis Blues.
3rd period
0:01 of 3rd period - Vincent Trocheck wins face-off versus Elias Pettersson in neutral zone.
0:03 of 3rd period - Tyson Barrie is hit by Alex Pietrangelo and loses puck.
0:10 of 3rd period - Snap shot by Jake Guentzel.
0:10 of 3rd period - Shot Misses the Net.
0:12 of 3rd period - Wrist shot by Alex DeBrincat.
0:12 of 3rd period - Shot Misses the Net.
0:14 of 3rd period - Slapshot by Alex Pietrangelo.
0:14 of 3rd period - Shot Blocked by Sean Durzi.
1:18 of 3rd period - Slapshot by Morgan Geekie.
1:18 of 3rd period - Stopped by Frederik Andersen with a rebound.
1:32 of 3rd period - Snap shot by Yanni Gourde.
1:32 of 3rd period - Stopped by David Rittich without a rebound.
1:33 of 3rd period - Vincent Trocheck wins face-off versus Frederick Gaudreau in Boston Bruins zone.
1:33 of 3rd period - Vincent Trocheck is hit by Alex Pietrangelo.
2:04 of 3rd period - Backhand shot by Yanni Gourde.
2:04 of 3rd period - Stopped by David Rittich with a rebound.
2:06 of 3rd period - Snap shot by Alex Pietrangelo.
2:06 of 3rd period - Shot Misses the Net.
2:08 of 3rd period - Slapshot by Colton Parayko.
2:08 of 3rd period - Shot Misses the Net.
2:10 of 3rd period - Slapshot by Jimmy Vesey.
2:10 of 3rd period - Shot Misses the Net.
2:12 of 3rd period - Slapshot by Yanni Gourde.
2:12 of 3rd period - Deflect By Frederick Gaudreau.
2:12 of 3rd period - Stopped by David Rittich without a rebound.
2:13 of 3rd period - Elias Pettersson wins face-off versus Pavel Zacha in Boston Bruins zone.
2:18 of 3rd period - Wrist shot by Alex DeBrincat.
2:18 of 3rd period - Deflect By Jake Guentzel.
2:18 of 3rd period - Shot Blocked by Pavel Zacha.
2:18 of 3rd period - Puck is out of play.
2:19 of 3rd period - Pavel Zacha wins face-off versus Alex DeBrincat in Boston Bruins zone.
2:36 of 3rd period - Slapshot by Morgan Rielly.
2:36 of 3rd period - Stopped by David Rittich without a rebound.
2:37 of 3rd period - Vincent Trocheck wins face-off versus Robert Thomas in Boston Bruins zone.
3:30 of 3rd period - Wrist shot by Frederick Gaudreau.
3:30 of 3rd period - Stopped by David Rittich with a rebound.
3:44 of 3rd period - Victor Mete is hit by Jack Eichel and loses puck.
3:57 of 3rd period - Slapshot by Morgan Rielly.
3:57 of 3rd period - Stopped by David Rittich with a rebound.
4:09 of 3rd period - Slapshot by Danton Heinen.
4:09 of 3rd period - Deflect By Pavel Zacha.
4:09 of 3rd period - Stopped by Frederik Andersen with a rebound.
4:11 of 3rd period - Snap shot by Pavel Zacha.
4:11 of 3rd period - Shot Blocked by Morgan Rielly.
4:13 of 3rd period - Slapshot by Victor Mete.
4:13 of 3rd period - Shot Blocked by Morgan Rielly.
4:19 of 3rd period - Backhand shot by Pavel Zacha.
4:19 of 3rd period - Shot Misses the Net.
4:30 of 3rd period - Icing by Morgan Rielly.
4:31 of 3rd period - Elias Pettersson wins face-off versus Ryan Donato in St.Louis Blues zone.
4:31 of 3rd period - Elias Pettersson is hit by Ryan Donato.
4:57 of 3rd period - Snap shot by Joonas Donskoi.
4:57 of 3rd period - Stopped by Frederik Andersen with a rebound.
5:25 of 3rd period - Snap shot by Phil Kessel.
5:25 of 3rd period - Stopped by Frederik Andersen without a rebound.
5:26 of 3rd period - Elias Pettersson wins face-off versus Vincent Trocheck in St.Louis Blues zone.
6:00 of 3rd period - Snap shot by Charlie McAvoy.
6:00 of 3rd period - Shot Blocked by Robert Thomas.
6:13 of 3rd period - Icing by Samuel Girard.
6:14 of 3rd period - Jack Eichel wins face-off versus Pavel Zacha in Boston Bruins zone.
6:23 of 3rd period - Slapshot by Jake Guentzel.
6:23 of 3rd period - Shot Misses the Net.
6:47 of 3rd period - Wrist shot by Joel Farabee.
6:47 of 3rd period - Deflect By Anthony Beauvillier.
6:47 of 3rd period - Shot Blocked by Colton Parayko.
6:47 of 3rd period - Puck is out of play.
6:48 of 3rd period - Vincent Trocheck wins face-off versus Robert Thomas in St.Louis Blues zone.
6:49 of 3rd period - Snap shot by Phil Kessel.
6:49 of 3rd period - Shot Blocked by Jonas Brodin.
6:51 of 3rd period - Snap shot by Vincent Trocheck.
6:51 of 3rd period - Shot Misses the Net.
6:53 of 3rd period - Slapshot by Matt Grzelcyk.
6:53 of 3rd period - Stopped by Frederik Andersen with a rebound.
6:55 of 3rd period - Slapshot by Victor Mete.
6:55 of 3rd period - Stopped by Frederik Andersen with a rebound.
6:57 of 3rd period - Slapshot by Matt Grzelcyk.
6:57 of 3rd period - Shot Blocked by Robert Thomas.
7:13 of 3rd period - Andrew Copp is hit by Brock McGinn and loses puck.
7:38 of 3rd period - Danton Heinen is hit by Jake Guentzel and loses puck.
8:22 of 3rd period - Off-side.
8:23 of 3rd period - Tage Thompson wins face-off versus Pavel Zacha in neutral zone.
9:01 of 3rd period - Off-side.
9:02 of 3rd period - Elias Pettersson wins face-off versus Brandon Hagel in neutral zone.
9:27 of 3rd period - Ryan Donato is hit by Evander Kane and loses puck.
9:33 of 3rd period - Off-side.
9:34 of 3rd period - Pavel Zacha wins face-off versus Robert Thomas in neutral zone.
9:41 of 3rd period - Snap shot by Joel Farabee.
9:41 of 3rd period - Stopped by Frederik Andersen without a rebound.
9:42 of 3rd period - Robert Thomas wins face-off versus Pavel Zacha in St.Louis Blues zone.
10:25 of 3rd period - Snap shot by Anthony Beauvillier.
10:25 of 3rd period - Stopped by Frederik Andersen without a rebound.
10:26 of 3rd period - Elias Pettersson wins face-off versus Vincent Trocheck in St.Louis Blues zone.
10:34 of 3rd period - Off-side.
10:35 of 3rd period - Elias Pettersson wins face-off versus Vincent Trocheck in neutral zone.
11:14 of 3rd period - Icing by Jonas Brodin.
11:15 of 3rd period - Elias Pettersson wins face-off versus Pavel Zacha in St.Louis Blues zone.
12:46 of 3rd period - Wrist shot by Alex Tuch.
12:46 of 3rd period - Deflect By Robert Thomas.
12:46 of 3rd period - Stopped by David Rittich with a rebound.
13:04 of 3rd period - Backhand shot by Frederick Gaudreau.
13:04 of 3rd period - Shot Misses the Net.
13:06 of 3rd period - Wrist shot by Frederick Gaudreau.
13:06 of 3rd period - Stopped by David Rittich with a rebound.
14:01 of 3rd period - Mason Appleton is hit by Tage Thompson and loses puck.
14:08 of 3rd period - Snap shot by Mason Appleton.
14:08 of 3rd period - Shot Misses the Net.
16:27 of 3rd period - Tage Thompson is hit by Sean Durzi and loses puck.
16:38 of 3rd period - Danton Heinen is hit by Elias Pettersson and loses puck.
18:20 of 3rd period - Adam Pelech is hit by Charlie McAvoy and loses puck.
19:29 of 3rd period - Matt Grzelcyk is hit by Jonas Brodin and loses puck.
19:36 of 3rd period - Alex Tuch is hit by Vincent Trocheck.
19:42 of 3rd period - Vincent Trocheck is hit by Tage Thompson.
19:52 of 3rd period - Frederick Gaudreau is hit by Ryan Donato and loses puck.
Goals for this period are 0 for Boston Bruins vs 0 for St.Louis Blues.
Shots for this period are 8 for Boston Bruins vs 8 for St.Louis Blues.
Back to the Top